cohdb
Replays
Latest Replays
All Replays
Popular Replays
Top Player Replays
Match Explorer
How It Works
Community
CoH3 Stats
Reddit
Sign in to upload your games and track your stats! →
Sign in with Steam
Match 42509923
Unlisted
Match 42509923
Overview
Messages
Build Orders
End
Royal Engineer Section
Construct Section Command Post
Infantry Section
Infantry Section
Infantry Section
Construct Field Infirmary
Construct Platoon Command Post
Humber Armored Car
Grenade Package
Unlock M3 Stuart Light Tanks
M3 Stuart Light Tank
Selects Indian Artillery Battlegroup
Selects Valour
Selects Gurkha Rifles Section
Gurkha Rifles Section
Gurkha Rifles Section
Construct Company Command Post
Vickers Machine Gun Team
Selects Volunteer Infantry
7k this year for sure
desertBeliever
0
0
Comments
sign in to comment!
No comments posted yet!